Map: Darkness Sanctuary LE

Players

Smokey

  • Race: Protoss Protoss
  • League: Gold
  • Spawn Location: 5:00

Test - Winner!

  • Race: Terran Terran
  • League: Silver
  • Spawn Location: 1:00

VOD

Have the link to the VOD?

Description

Time

  • Played on: May 16, 2018, 4 p.m.
  • Length: 8:03
Show
View Real Time Build Order
Export as new Build Order

Smokey Protoss 

Build Orders:  

Get SALT Encoding   

  1  0:00  Probe  
  12  0:06  Probe  
  14  0:15  Probe  
  15  0:22  Pylon  
  15  0:40  Probe  
  15  0:41  Gateway  
  16  0:46  Assimilator  
  16  0:52  Probe  
  17  0:58  Pylon  
  17  1:00  Probe  
  18  1:08  Probe  
  19  1:19  Probe  
  20  1:28  Zealot  
  20  1:31  Probe  
  23  1:33  Cybernetics Core  
  23  1:34  Assimilator  
  23  1:43  Gateway  
  23  1:59  Zealot  
  23  2:00  Warp Gate  
  25  2:02  Probe  
  26  2:14  Probe  
  27  2:15  Twilight Council  
  27  2:24  Pylon  
  27  2:32  Stalker  
  27  2:34  Stalker  
  31  2:44  Pylon  
  31  2:45  Charge  
  31  2:49  Gateway  
  31  3:05  Stalker  
  33  3:19  Zealot  
  35  3:27  Pylon  
  35  3:35  Stalker  
  35  3:36  Stalker  
  39  3:46  Forge  
  39  4:04  Zealot  
  41  4:25  Stalker  
  41  4:26  Stalker x2  
  47  4:43  Nexus  
  33  5:33  Stalker  
  33  5:34  Stalker x2  
  31  6:02  Zealot x3, Probe  
  37  6:10  Pylon, Probe  
  38  6:16  Gateway  
  39  6:20  Probe  
  39  6:22  Zealot  
  39  6:23  Zealot, Stalker  
  46  6:33  Probe  
  47  6:45  Probe  
  47  6:46  Zealot  
  50  6:49  Zealot  
  50  6:50  Stalker  
  50  6:53  Probe  
  54  7:00  Shield Battery  
  55  7:01  Probe  
  55  7:02  Assimilator  
  32  7:28  Stalker x2  
  32  7:29  Stalker  
  36  7:33  Probe  
  37  7:41  Photon Cannon  
  37  7:45  Probe  
  31  7:51  Stalker  
  31  7:52  Stalker x2  
  31  7:53  Stalker  
Show
View Real Time Build Order
Export as new Build Order

Test Terran - Winner!

Build Orders: Command Center First (CC), MMM Bio 

Get SALT Encoding   

  12  0:00  SCV  
  13  0:12  SCV  
  14  0:22  Supply Depot  
  14  0:24  SCV  
  15  0:44  SCV  
  16  1:03  Command Center  
  16  1:06  SCV  
  17  1:13  Refinery  
  17  1:27  Barracks  
  17  1:37  SCV  
  18  1:47  Barracks  
  18  2:03  Barracks  
  18  2:21  Barracks Tech Lab  
  17  2:24  SCV  
  17  2:27  Orbital Command  
  18  2:36  SCV  
  19  2:37  Barracks  
  19  2:45  Barracks Reactor  
  19  2:48  Marine  
  20  2:52  Marine  
  20  2:57  Orbital Command  
  21  3:01  SCV  
  22  3:08  Marine  
  22  3:10  Barracks Reactor  
  23  3:13  SCV  
  24  3:25  Barracks  
  24  3:31  Marine x2  
  24  3:32  Marine  
  28  3:45  Barracks Reactor  
  27  3:49  Marine x3  
  27  3:50  Marine  
  27  3:51  Marine, Barracks  
  32  4:04  Engineering Bay  
  32  4:06  SCV, Marine  
  32  4:07  SCV  
  35  4:10  Marine  
  35  4:14  Marine  
  37  4:18  SCV  
  38  4:25  Supply Depot  
  38  4:43  Marine  
  38  4:44  Marine  
  38  4:46  Marine x5  
  38  4:47  Barracks Tech Lab  
  38  4:49  Marine  
  37  5:01  Marine  
  37  5:02  Marine  
  37  5:03  Marine  
  37  5:04  Marine  
  37  5:05  Marine x2  
  42  5:11  Stimpack  
  41  5:17  Marine  
  41  5:19  Marine  
  41  5:20  Marine  
  43  5:24  Terran Infantry Weapons Level 1  
  39  5:34  Marine x2  
  37  5:36  Marine x2  
  37  5:37  Marine  
  37  5:39  Marine  
  39  5:44  Marine  
  39  5:52  Marine x2  
  39  5:54  Marine x3  
  39  5:56  Supply Depot  
  41  6:00  Marine  
  41  6:02  Marine  
  39  6:09  Marine  
  39  6:10  Marine  
  41  6:12  Marine x3  
  41  6:18  Marine, Barracks  
  44  6:20  Marine  
  46  6:27  Marine x2  
  46  6:30  Marine x3  
  51  6:33  Supply Depot  
  51  6:36  Marine  
  51  6:38  Marine, Combat Shields  
  53  6:45  Marine  
  54  6:54  Marine x5  
  54  6:59  Supply Depot  
  54  7:01  Supply Depot  
  59  7:05  Marine  
  59  7:06  Barracks Reactor  
  59  7:07  Marine  
  61  7:12  Marine  
  61  7:13  Marine  
  57  7:17  Marine x2  
  57  7:18  Marine  
  55  7:25  Marine x2  
  57  7:30  Marine x2  
  57  7:31  Missile Turret  
  57  7:35  Missile Turret  
  59  7:38  Marine x2  
  61  7:44  Marine x2  
Tags
 
Add a new tag
Caveats
  • Supply blocks, unpowered buildings, or Contaminate may cause inaccurate times.
  • Supply counts are checked every 10 seconds.